 Dungeon Crawl Stone Soup version 0.20.0-7-g3b7b877 (webtiles) character file.

186 Manul the Chiller (level 5, -4/46 HPs)
             Began as an Octopode Ice Elementalist on May 29, 2017.
             Slain by a killer bee (5 damage)
             ... on level 3 of the Dungeon.
             The game lasted 00:03:08 (2493 turns).

Manul the Chiller (Octopode Ice Elementalist)       Turns: 2493, Time: 00:03:13

Health: -4/46      AC: 25    Str:  8    XL:     5   Next: 65%
Magic:  9/9        EV:  2    Int: 17    God:
Gold:   121        SH:  0    Dex: 13    Spells: 4/10 levels left

rFire    . . .     SeeInvis .   e - +0 dagger
rCold    . . .     Gourm    .   (no shield)
rNeg     + + +     Faith    .   (helmet currently unavailable)
rPois    +         Spirit   .   (no amulet)
rElec    .         Reflect  .   c - +3 ring of protection
rCorr    .         Harm     .   (no ring)
MR       .....     NoTele   +   (no ring)
Stlth    ++........             (no ring)
Regen    0.2/turn               (no ring)
MPRegen  0.2/turn               (no ring)
                                (no ring)
                                (no ring)

@: lethally poisoned (-4 -> -9), tree-form, very slightly contaminated
A: almost no armour, stealthy swim, (amphibious), 8 rings, (constrict 8)
a: no special abilities


You were on level 3 of the Dungeon.
You were not hungry.
You were a tree.
You visited 1 branch of the dungeon, and saw 3 of its levels.

You collected 121 gold pieces.

Inventory:

Hand Weapons
 e - a +0 dagger (weapon)
Jewellery
 c - a +3 ring of protection (left branch)
Scrolls
 d - a scroll of teleportation {unknown}
 f - a scroll of remove curse {unknown}
 g - a scroll of identify
 h - a scroll of enchant weapon {unknown}
 i - 2 scrolls of random uselessness {unknown}
 k - 2 scrolls of blinking {unknown}
 r - a scroll of immolation {unknown}
 t - a scroll of fear {unknown}
Potions
 m - a potion of magic
 p - a potion of flight {unknown}
Books
 a - a book of Frost

   Spells                             Type                      Level
   a - Freeze                         Ice                          1
   b - Throw Frost                    Conjuration/Ice              2
   c - Ozocubu's Armour               Charms/Ice                   3
   d - Throw Icicle                   Conjuration/Ice              4
   e - Summon Ice Beast               Ice/Summoning                4
Comestibles
 b - 4 bread rations
 j - 3 chunks of flesh
 u - 3 fruits


   Skills:
 + Level 1.2 Short Blades
 + Level 2.6 Dodging
 + Level 4.0 Stealth
 + Level 0.8 Unarmed Combat
 + Level 3.0 Spellcasting
 + Level 1.0 Conjurations
 + Level 0.4 Charms
 + Level 4.2 Ice Magic


You had 4 spell levels left.
You knew the following spells:

 Your Spells              Type           Power        Failure   Level  Hunger
a - Freeze                Ice            ###.         3%          1    None
b - Throw Frost           Conj/Ice       ##....       9%          2    ##.....
c - Ozocubu's Armour      Chrm/Ice       ##......     21%         3    ###....


Dungeon Overview and Level Annotations

Branches:
Dungeon (3/15)

Altars:


Innate Abilities, Weirdness & Mutations

You cannot wear most types of armour.
You are very stealthy in the water. (Stealth+)
((You are amphibious.))
You can wear up to eight rings at the same time.
((You can use your tentacles to constrict eight enemies at once.))
((Your skin changes colour to match your surroundings (Stealth+).))
((Your rubbery body absorbs attacks. (AC +1, EV +1)))


Message History

* * * LOW HITPOINT WARNING * * *
Unknown command.
Unknown command.
You hit the killer bee but do no damage.
* * * LOW HITPOINT WARNING * * *
You feel sick.
The killer bee stings you but does no damage. x4
You barely miss the killer bee.
The killer bee stings you but does no damage.
The killer bee stings you.
* * * LOW HITPOINT WARNING * * *
The killer bee stings you but does no damage. x2
Unknown command.
You hit the killer bee.
The killer bee is lightly wounded.
* * * LOW HITPOINT WARNING * * *
You feel sick.
The killer bee stings you but does no damage. x2
The killer bee stings you.
You die...

...........#...##..#.
#########...#.#####.#.
#...# #.....# ###.#.
#...# ###.#####.....
#...# ###.......##..
#...# #....########.
#..y# #....####.....
#.yy####.........####
#.yy♣........#####
.......#######(..#
#...... #...# ##
#.#.#.. #...# #.
....... #...#######.
..#.#%. #...#.......
....... .#...#.......
..####. #...#.......
#...#.......


You could see 5 killer bees.

Vanquished Creatures
  A killer bee (D:3)
  Jessica (D:2)
  4 gnolls (D:3)
  2 adders (D:3)
  An ooze (D:1)
  A worm (D:3)
  A dart slug (D:3)
  A leopard gecko (D:1)
  2 giant cockroaches
  12 goblins
  6 hobgoblins
  3 quokkas
  4 bats
  3 frilled lizards
  5 kobolds
  A quokka zombie (D:3)
  12 rats
60 creatures vanquished.

Vanquished Creatures (others)
  7 toadstools (D:1)
7 creatures vanquished.

Grand Total: 67 creatures vanquished

Notes
Turn   | Place    | Note
-------+----------+-------------------------------------------
     0 | D:1      | Manul the Octopode Ice Elementalist began the quest for the Orb.
     0 | D:1      | Reached XP level 1. HP: 11/11 MP: 3/3
   210 | D:1      | Reached XP level 2. HP: 14/17 MP: 0/5
   294 | D:1      | Learned a level 2 spell: Throw Frost
   768 | D:1      | Reached XP level 3. HP: 20/21 MP: 6/6
   875 | D:1      | Learned a level 3 spell: Ozocubu's Armour
  1594 | D:2      | Noticed Jessica
  1604 | D:2      | Killed Jessica
  1604 | D:2      | Reached XP level 4. HP: 23/27 MP: 0/8
  2454 | D:3      | Reached XP level 5. HP: 25/31 MP: 9/9
  2460 | D:3      | Reached skill level 1 in Short Blades
  2492 | D:3      | HP: 1/46 [killer bee (2)]
  2493 | D:3      | Slain by a killer bee

Skill      XL: |  1  2  3  4  5 |
---------------+----------------+-----
Stealth        | 3 4 |  4.0
Ice Magic      | 4 |  4.2
Spellcasting   | 3 |  3.0
Short Blades   | 1 |  1.2
Dodging        | |  2.6
Unarmed Combat | |  0.8
Conjurations   | |  1.0
Charms         | |  0.4

Action                   |  1- 3 |  4- 6 || total
-------------------------+-------+-------++-------
Melee: Unarmed           |    13 |       ||    13
       Tentacles         |     9 |    10 ||    19
       Constrict         |    18 |    15 ||    33
       Dagger            |    37 |    90 ||   127
       Punch             |     1 |       ||     1
 Cast: Freeze            |    16 |     3 ||    19
       Ozocubu's Armour  |     1 |     1 ||     2
  Use: Potion            |       |     6 ||     6
       Scroll            |       |     2 ||     2
 Stab: Sleeping          |     7 |     8 ||    15
       Invisible         |       |     6 ||     6
  Eat: Chunk             |     2 |     3 ||     5
Armor: Skin              |    12 |    26 ||    38
Dodge: Dodged            |    35 |    74 ||   109
